 Dungeon Sprint DCSS version 0.29-a0-284-gf9362112df (webtiles) character file.

Game seed: 4605944370888563444

4 horus123 the Magician (level 1, -1/10 HPs)
             Began as a Deep Elf Ice Elementalist on Mar 17, 2022.
             Was an Initiate of Sif Muna.
             Slain by Crazy Yiuf
             ... wielding a +2 quarterstaff of chaos
              (11 damage)
             ... in the Dungeon (Sprint VI: "Thunderdome").
             The game lasted 00:02:48 (237 turns).

horus123 the Magician (Deep Elf Ice Elementalist)    Turns: 237, Time: 00:02:49

Health: -1/10      AC:  2    Str:  7    XL:     1   Next: 33%
Magic:  8/8        EV: 13    Int: 22    God:    Sif Muna [......]
Gold:   75         SH:  5    Dex: 19    Spells: 8/9 levels left

rFire   + + .      SeeInvis +   (no weapon)
rCold   x . .      Faith    .   (no shield)
rNeg    . . .      Spirit   .   a - +0 robe
rPois   .          Reflect  +   (no helmet)
rElec   .          Harm     .   (no cloak)
rCorr   .          Rampage  .   (no gloves)
Will    .....      NoTele   +   (no boots)
Stlth   ++........              n - amulet of Nobility {Reflect Int+3 SH+5}
HPRegen 0.03/turn               l - ring "Wosohy" {rF+ Str+2}
MPRegen 0.11/turn               m - ring "Kosah" {Fire Dex+4 SInv}

@: no status effects
A: no striking features
a: Renounce Religion


You were in the Dungeon.
You worshipped Sif Muna.
Sif Muna was noncommittal.
You visited 1 branch You collected 210 gold pieces.
You spent 135 gold pieces at shops.

Inventory:

Armour
 a - a +0 robe (worn)
Jewellery
 l - the ring "Wosohy" (left hand) {rF+ Str+2}
   (You bought it in a shop in the Dungeon)

   [ring of protection from fire]

   Str:       It affects your strength (+2).
   rF:        It protects you from fire.
 m - the ring "Kosah" (right hand) {Fire Dex+4 SInv}
   (You bought it in a shop in the Dungeon)

   [ring of fire]

   It enhances your fire magic.
   Dex:       It affects your dexterity (+4).
   rF:        It protects you from fire.
   rC:        It makes you vulnerable to cold.
   SInv:      It lets you see invisible.
 n - the amulet of Nobility (around neck) {Reflect Int+3 SH+5}
   (You bought it in a shop in the Dungeon)

   [amulet of reflection]

   It reflects blocked missile attacks.
   Int:       It affects your intelligence (+3).
   SH:        It affects your SH (+5).
Wands
 h - a wand of acid (5)
 i - a wand of iceblast (5)
Scrolls
 g - 4 scrolls of blinking
 j - 3 scrolls of fog
Potions
 b - 3 potions of magic
 c - a potion of curing
 d - 4 potions of heal wounds
 e - 4 potions of haste
 f - a potion of berserk rage
 k - a potion of resistance


   Skills:
 - Level 2.4 Dodging
 - Level 2.4 Stealth
 + Level 4.8 Spellcasting
 - Level 4.3 Ice Magic


You had 8 spell levels left.
You knew the following spells:

 Your Spells              Type           Power      Damage    Failure   Level
a - Freeze                Ice            96%        1d11      1%          1

Your spell library contained the following spells:

 Spells                   Type           Power      Damage    Failure   Level
 Frozen Ramparts          Ice            48%        1d6       4%          3
 Ozocubu's Armour         Ice            24%        N/A       4%          3
 Hailstorm                Conj/Ice       14%        3d5       38%         4


Dungeon Overview and Level Annotations

Branches:
Dungeon (1/1)

Altars:
Cheibriados
Dithmenos
Fedhas
Gozag
Kikubaaqudgha
Makhleb
Okawaru
Qazlal
Ru
Sif Muna
Trog
Uskayaw
Vehumet
Wu Jian
Xom
Yredelemnul
Zin
The Shining One
Beogh
Lugonu

Shops:
D *[??*?*:[((!!!!

Annotations:
D Crazy Yiuf


Message History

There is a shimmering blue altar of Sif Muna here.
There is a burning altar of Makhleb here.
There is an entrance to Wuacrour's Premium Goods here.
There is an entrance to Teupryn's Miscellaneous Merchandise here.
There is an entrance to Yteiqing's Basic Armour here.
You can access your shopping list by pressing '$'.
Unknown command.
Okay, then.
There is an entrance to Noawnem's Weapon Rack here.
There is a snail-covered altar of Cheibriados here.
There is a corrupted altar of Lugonu here.
There is an ancient bone altar of Kikubaaqudgha here.
There is a shimmering altar of Xom here.
There is a roughly hewn altar of Beogh here.
There is an iron altar of Okawaru here.
There is an entrance to Xaux's Do-It-Yourself Clinic here.
There is an entrance to Kaps's Bottled Wisdom here.
There is an entrance to Qomukh's Distillery here.
There is an entrance to Feino's Distillery here.
Done exploring.
Unknown command.
Done exploring.
There is a stormy altar of Qazlal here.
There is a bloodstained altar of Trog here.
There is a sacrificial altar of Ru here.
Crazy Yiuf the Enlightened comes into view.
He is wielding a +2 quarterstaff of chaos.
Crazy Yiuf shouts!
A gnoll comes into view. It is wielding a +0 flail.
The gnoll shouts!
Crazy Yiuf grits, "Prologue wrapper turtle!"
There is a staircase leading out of the dungeon here.
A gnoll shaman comes into view. It is wielding a +0 whip.
A hound comes into view.
The hound barks!
The gnoll shaman calls upon its god to speed up Crazy Yiuf.
Crazy Yiuf seems to speed up.
Crazy Yiuf says, "Crazy?
Crazy!?
PORCUPINE!"
Crazy Yiuf hits you with a +2 quarterstaff of chaos!
Ouch! That really hurt!
You die...

##.....## ##∩.....∩## #∩.......∩#
#.........# #_......._#
#_......._# ###.........###
#⌠.....hg....⌠#
######.8....@g...8.######
##..__......###......___∩##
###∩.....†..8.# #.8........∩###
##.............###.............##
#⌠..........###...###..........⌠#
#⌠..........# #.<.# #..........⌠#
#⌠..........###...###..........⌠#
##........)....###.............##
###∩........8.# #.8........∩###


You could see a gnoll shaman, Crazy Yiuf (fast) and a hound.

Vanquished Creatures
  A giant cockroach (D)
  A ball python (D)
  A goblin (D)
3 creatures vanquished.

Notes
Turn   | Place    | Note
-------+----------+-------------------------------------------
     0 | D        | horus123 the Deep Elf Ice Elementalist began the quest for
                  | the Orb.
     0 | D        | Reached XP level 1. HP: 10/10 MP: 6/6
     1 | D        | Found a glowing silver altar of Zin.
     1 | D        | Found a shimmering blue altar of Sif Muna.
     2 | D        | Found a basalt altar of Yredelemnul.
     2 | D        | Found a burning altar of Makhleb.
     3 | D        | Found a hide-covered altar of Uskayaw.
     4 | D        | Found Cimp's Identification Station.
     4 | D        | Found an ornate altar of the Wu Jian Council.
     4 | D        | Found a blossoming altar of Fedhas.
     5 | D        | Found Daamero's Advanced Armour.
     5 | D        | Found Taexukk's Jewellery.
     5 | D        | Round 1.
    10 | D        | Found Wuacrour's Premium Goods.
    12 | D        | Found Teupryn's Miscellaneous Merchandise.
    12 | D        | Found Yteiqing's Basic Armour.
    16 | D        | Became a worshipper of Sif Muna the Loreminder
    17 | D        | Found an ancient bone altar of Kikubaaqudgha.
    17 | D        | Found a corrupted altar of Lugonu.
    17 | D        | Found a snail-covered altar of Cheibriados.
    17 | D        | Found Noawnem's Weapon Rack.
    22 | D        | Found a shimmering altar of Xom.
    27 | D        | Found an iron altar of Okawaru.
    28 | D        | Found Xaux's Do-It-Yourself Clinic.
    29 | D        | Found a sacrificial altar of Ru.
    29 | D        | Found a bloodstained altar of Trog.
    29 | D        | Found a stormy altar of Qazlal.
    29 | D        | Found Feino's Distillery.
    30 | D        | Found Kaps's Bottled Wisdom.
    30 | D        | Found Qomukh's Distillery.
    35 | D        | Found a radiant altar of Vehumet.
    36 | D        | Found an opulent altar of Gozag.
    40 | D        | Found Kitsu's Staff Store.
    41 | D        | Found Gomyil's Must-Have Magic.
    41 | D        | Found Tyoda's Magic Scroll Shop.
    42 | D        | Found a glowing golden altar of the Shining One.
    42 | D        | Found a shadowy altar of Dithmenos.
    42 | D        | Found Ehaediw's Magic Scroll Shop.
   141 | D        | Bought a heavily runed turquoise ring for 45 gold pieces
   141 | D        | Identified the ring "Wosohy" {rF+ Str+2} (You bought it in
                  | a shop in the Dungeon)
   142 | D        | Bought a scorched bone ring for 45 gold pieces
   142 | D        | Identified the ring "Kosah" {Fire Dex+4 SInv} (You bought
                  | it in a shop in the Dungeon)
   142 | D        | Bought a smoking ruby amulet for 45 gold pieces
   142 | D        | Identified the amulet of Nobility {Reflect Int+3 SH+5} (You
                  | bought it in a shop in the Dungeon)
   144 | D        | Noticed Sigmund
   155 | D        | Arena points: 4 (+4) [x1]
   170 | D        | Round 2.
   208 | D        | Noticed Crazy Yiuf
   230 | D        | Noticed a gnoll shaman
   232 | D        | Noticed a hound
   237 | D        | Slain by Crazy Yiuf

Illustrated notes

Levels and vault maps discovered:
D:        arena_sprint

Skill      XL: |  1 |
---------------+----+-----
Spellcasting   | 4 |  4.8
Dodging        | |  2.4
Stealth        | |  2.4
Ice Magic      | |  4.3

Action                   || total
-------------------------++-------
 Cast: Freeze            ||     4
Armor: Robe              ||     1
Dodge: Dodged            ||     1

Table legend: (Time is in decaauts)
 A = Elapsed time spent in this place.
 B = Non-inter-level travel time spent in this place.
 C = Inter-level travel time spent in this place.
 D = Time resting spent in this place.
 E = Time spent auto-exploring this place.
 F = Levels seen in this place.
 G = Mean time per level.
                   A        B        C        D        E       F      G
               +--------+--------+--------+--------+--------+-----+--------+
         Total |    236 |    236 |      0 |      0 |     87 |   1 |  236.0 |
       Dungeon |    236 |    236 |      0 |      0 |     87 |   1 |  236.0 |
               +--------+--------+--------+--------+--------+-----+--------+

Top non-repeatable levels by time:
       D: 236 daAuts
